 Dungeon Crawl Stone Soup version 0.23.2-40-g277498a001 (webtiles) character file.

Game seed: 10310328333559176261

69 Aggronaut the Sneak (level 4, -2/21 HPs)
             Began as a Spriggan Enchanter on Oct 2, 2019.
             Slain by Sigmund
             ... wielding a +0 scythe
              (16 damage)
             ... on level 2 of the Dungeon.
             The game lasted 00:04:51 (2126 turns).

Aggronaut the Sneak (Spriggan Enchanter)            Turns: 2126, Time: 00:04:52

Health: -2/21      AC:  2    Str:  4    XL:     4   Next: 2%
Magic:  1/9        EV: 18    Int: 16    God:
Gold:   63         SH:  0    Dex: 17    Spells: 2/8 levels left

rFire    . . .     SeeInvis +   a - +1 dagger
rCold    . . .     Gourm    .   (shield restricted)
rNeg     . . .     Faith    .   b - +0 robe
rPois    .         Spirit   .   (helmet restricted)
rElec    .         Reflect  .   (no cloak)
rCorr    .         Harm     .   (gloves unavailable)
MR       .....                  (boots unavailable)
Stlth    +++.......             (no amulet)
HPRegen  0.07/turn              (no ring)
MPRegen  0.11/turn              (no ring)

@: very quick
A: very small, unfitting armour, see invisible, herbivore, speed 3, slow
metabolism 2
a: no special abilities


You were on level 2 of the Dungeon.
You were hungry.

You visited 1 branch of the dungeon, and saw 2 of its levels.

You collected 63 gold pieces.

Inventory:

Hand Weapons
 a - a +1 dagger (weapon)
Armour
 b - a +0 robe (worn)
Scrolls
 e - a scroll of remove curse {unknown}
 f - a scroll of teleportation {unknown}
 h - a scroll of magic mapping {unknown}
 i - a scroll of identify {unknown}
Potions
 c - a potion of haste {unknown}
 g - 2 potions of curing {unknown}
Comestibles
 d - a ration


   Skills:
 - Level 1.1 Short Blades
 - Level 3.0 Dodging
 + Level 5.6 Stealth
 - Level 2.6 Spellcasting
 * Level 5.3 Hexes


You had 2 spell levels left.
You knew the following spells:

 Your Spells              Type           Power        Failure   Level  Hunger
a - Corona                Hex            ###....      2%          1    #......
b - Ensorcelled Hibernat  Hex/Ice        ##....       10%         2    ##.....
c - Confuse               Hex            ###.....     6%          3    ###....

Your spell library contained the following spells:

 Spells                   Type           Power        Failure   Level  Hunger
 Tukima's Dance           Hex            ###.....     6%          3    ###....
 Dazzling Spray           Conj/Hex       ##....       19%         3    ###....


Dungeon Overview and Level Annotations

Branches:
Dungeon (2/15)

Altars:

Annotations:
D:2 Sigmund


Innate Abilities, Weirdness & Mutations

You are very small and have problems with some larger weapons.
You are too small for most types of armour.
You have supernaturally acute eyesight. (SInv)
You are a herbivore.
You cover ground extremely quickly.
You need to consume almost no food.


Message History

Sigmund gestures wildly.
Sigmund misses you.
You hit Sigmund.
Sigmund is lightly wounded.
You hit Sigmund but do no damage.
Sigmund is lightly wounded.
Sigmund looks very confused.
Sigmund hits you but does no damage.
You hit Sigmund but do no damage.
Sigmund is lightly wounded.
Sigmund misses you.
You strike the helpless Sigmund from behind!
You puncture Sigmund!
Sigmund is heavily wounded.
You hit Sigmund.
Sigmund is heavily wounded.
Sigmund grins madly.
Sigmund hits you with a +0 scythe!
Ouch! That really hurt!
You die...

#.#....############# ##
#####.####.........##... .####
#.....# #.........#..## ....###
###...## ##..........#..
###...#### #....# #........###.#
#####....###....# #............#
....####.....#.)####........#####
.....#####..##...............###
..@...####.####.@.#.########...##
......##.....>..@##..## ##..†.
......#..##..##.####..### ###..
......@..###..#.# ##.<.### ###
.........####...### ###...# #
..................## ###.#### #
......#....####....... #)...# #
.............##..####. #########
.#........##......####.#####...††


You could see Sigmund (confused).

Vanquished Creatures
  3 adders (D:2)
  2 worms (D:2)
  2 dart slugs (D:1)
  2 leopard geckos
  5 goblins
  3 hobgoblins
  A jackal (D:2)
  4 bats
  3 frilled lizards (D:2)
  5 kobolds
  2 rats
32 creatures vanquished.

Notes
Turn   | Place    | Note
-------+----------+-------------------------------------------
     0 | D:1      | Aggronaut the Spriggan Enchanter began the quest for the
                  | Orb.
     0 | D:1      | Reached XP level 1. HP: 9/9 MP: 5/5
   367 | D:1      | Reached XP level 2. HP: 13/13 MP: 6/6
  1254 | D:1      | Learned a level 2 spell: Ensorcelled Hibernation
  1279 | D:1      | Reached skill level 5 in Stealth
  1481 | D:2      | Reached XP level 3. HP: 16/16 MP: 8/8
  1731 | D:2      | Reached skill level 5 in Hexes
  2039 | D:2      | Noticed Sigmund
  2060 | D:1      | Learned a level 3 spell: Confuse
  2063 | D:2      | Reached XP level 4. HP: 21/21 MP: 6/9
  2126 | D:2      | Slain by Sigmund

Skill      XL: |  1  2  3 |
---------------+----------+-----
Hexes          | 4 5 |  5.3
Stealth        | 5 |  5.6
Short Blades   | |  1.1
Dodging        | |  3.0
Spellcasting   | |  2.6

Action                   |  1- 3 |  4- 6 || total
-------------------------+-------+-------++-------
Melee: Dagger            |    88 |    14 ||   102
 Cast: Corona            |     4 |       ||     4
       Ensorcelled Hiber |    19 |     2 ||    21
       Confuse           |       |     2 ||     2
 Stab: Sleeping          |    23 |       ||    23
       Confused          |       |     1 ||     1
Armor: Robe              |     8 |     1 ||     9
Dodge: Dodged            |    59 |    16 ||    75
